 Dungeon Crawl Stone Soup version 0.20-a0-1122-gb7cbeb9 (webtiles) character file.

43628 Gorglomux the Basher (level 13, -1/107 HPs)
             Began as a Mummy Wanderer on May 14, 2017.
             Was a High Priest of Okawaru.
             Slain by a catoblepas (21 damage)
             ... on level 5 of the Lair of Beasts.
             The game lasted 01:00:34 (32562 turns).

Gorglomux the Basher (Mummy Wanderer)              Turns: 32562, Time: 01:00:35

Health: -1/107     AC: 15    Str: 15    XL:     13   Next: 91%
Magic:  12/18      EV: 12    Int: 18    God:    Okawaru [*****.]
Gold:   1079       SH:  0    Dex: 13    Spells: 16/17 levels left

rFire    x . .     SeeInvis +   a - +1 morningstar
rCold    + . .     Gourm    .   (no shield)
rNeg     + + +     Faith    .   w - +0 chain mail {rN+}
rPois    ∞         Spirit   .   t - +0 hat {Int+3}
rElec    .         Reflect  .   (no cloak)
rCorr    .         Harm     .   H - +2 pair of gloves
MR       +....                  (no boots)
Stlth    ..........             (no amulet)
Regen    0.3/turn               p - ring of see invisible {sInv, !d}
MPRegen  0.2/turn               G - ring of wizardry {Wiz+, !d}

@: heroism, finesse
A: no food or potions, fire vulnerability, cold resistance 1, negative energy
resistance 3, torment resistance, unbreathing, in touch with death 1
a: Heroism, Finesse, Renounce Religion


You were on level 5 of the Lair of Beasts.
You worshipped Okawaru.
Okawaru was extremely pleased with you.
You were not hungry.

You visited 2 branches of the dungeon, and saw 16 of its levels.

You collected 1079 gold pieces.

Inventory:

Hand Weapons
 a - a +1 morningstar (weapon)
   (You took it off a wight on level 10 of the Dungeon)
 b - the +3 hunting sling "Haqeusea" {flame, +Blink Int+2}
   (Okawaru gifted it to you on level 4 of the Lair of Beasts)

   It causes projectiles fired from it to burn those they strike, causing extra
   injury to most foes and up to half again as much damage against particularly
   susceptible opponents.
   It affects your intelligence (+2).
   It lets you blink.
Missiles
 e - 7 silver javelins
 o - 5 javelins of penetration
 q - 35 stones
 E - 13 tomahawks (quivered)
 K - 29 sling bullets
 R - 6 steel javelins
Armour
 r - a +0 shield
   (You took it off an orc on level 5 of the Dungeon)
 t - a +0 hat of intelligence (worn)
   (You acquired it on level 7 of the Dungeon)
 w - a +0 chain mail of positive energy (worn)
   (Okawaru gifted it to you on level 5 of the Lair of Beasts)
 H - a +2 pair of gloves (worn)
   (You found it on level 10 of the Dungeon)
Magical Staves
 A - an uncursed staff of summoning {unknown}
   (You found it on level 8 of the Dungeon)
Jewellery
 h - an uncursed ring of protection from cold {rC+, !d}
   (You found it on level 3 of the Lair of Beasts)
 p - a ring of see invisible (left hand) {sInv, !d}
   (You took it off an orc priest on level 8 of the Dungeon)
 C - an uncursed ring of wizardry {Wiz+, !d}
   (You took it off an orc warrior on level 9 of the Dungeon)
 G - a ring of wizardry (right hand) {Wiz+, !d}
   (You found it on level 10 of the Dungeon)
 O - a +3 ring of strength
   (You found it on level 2 of the Lair of Beasts)
Wands
 c - a wand of lightning (4/15)
   (You found it on level 7 of the Dungeon)
 d - a wand of paralysis (1/24)
   (You found it on level 2 of the Lair of Beasts)
 i - a wand of polymorph (15/24)
   (You found it on level 2 of the Lair of Beasts)
 u - a wand of acid (0/15)
   (You found it on level 7 of the Dungeon)
 D - a wand of confusion (21/48)
   (You found it on level 5 of the Lair of Beasts)
 I - a wand of polymorph (5/24)
   (You found it on level 10 of the Dungeon)
 M - a wand of disintegration (14/24)
   (You found it on level 1 of the Lair of Beasts)
Scrolls
 g - 6 scrolls of remove curse
 j - 4 scrolls of amnesia
 k - 2 scrolls of immolation {!r}
 l - 2 scrolls of recharging
 m - 2 scrolls of magic mapping {!r}
 v - 4 scrolls of fog
 x - a scroll of blinking {!r}
 N - a scroll of enchant armour
 P - 2 scrolls of identify
 Q - 4 scrolls of teleportation
Books
 f - the Volume of the Lost Wars

   Spells                             Type                      Level
   a - Sting                          Conjuration/Poison           1
   b - Ignite Poison                  Fire/Transmutation/Poison    3
 n - a Necronomicon
   (You found it on level 4 of the Dungeon)
 s - a book of Misfortune
   (You found it on level 5 of the Dungeon)
 y - a book of Enchantments
   (You found it on level 7 of the Dungeon)
 F - a book of Necromancy
   (You found it on level 9 of the Dungeon)


   Skills:
 + Level 11.6(16.6) Fighting
 + Level 13.3(18.3) Maces & Flails
 + Level 6.7(11.7) Armour
 + Level 6.3(11.3) Dodging
 - Level 1.5(6.5) Stealth
 - Level 2.6 Spellcasting
 - Level 3.5 Necromancy
 + Level 7.1 Invocations
 + Level 3.3 Evocations


You had 16 spell levels left.
You knew the following spells:

 Your Spells              Type           Power        Failure   Level  Hunger
A - Animate Skeleton      Necr           N/A          17%         1    N/A

Dungeon Overview and Level Annotations

Branches:
Dungeon (10/15)            Temple (0/1) D:7            Lair (6/6) D:8
 Shoals (0/4) Lair:3        Snake (0/4) Lair:2        Slime (0/5) Lair:5
    Orc (0/2) D:9

Altars:
Ashenzari
Cheibriados
Dithmenos
Gozag
Hepliaklqana
Kikubaaqudgha
Nemelex Xobeh
Okawaru
Qazlal
Ru
Sif Muna
Trog
Wu Jian
Xom
Zin
The Shining One

Shops:
D:5 :   D:9 !

Annotations:
Lair:1 exclusion: 2 oklob plants


Innate Abilities, Weirdness & Mutations

You do not eat or drink.
Your flesh is vulnerable to fire.
You are immune to poison.
Your flesh is cold resistant. (rC+)
You are immune to negative energy. (rN+++)
You are immune to unholy pain and torment.
You can survive without breathing.
You are in touch with the powers of death.


Message History

The catoblepas breathes a plume of calcifying dust at you.
The blast of calcifying dust hits the yak.
The blast of calcifying dust hits you!
You take 1 damage, and have 84/107 hp.
You now have 17/18 mp.
The yak is engulfed in calcifying dust.
The yak is moving more slowly.
The yak barely misses you. The catoblepas gores you!!
You hear a roar!
There is a stone staircase leading up, spattered with blood here.
You see here a wolf skeleton.
You take 26 damage, and have 58/107 hp.
MASSIVE DAMAGE!!
The hornet closely misses you.
Your wolf skeleton bites the yak but does no damage.
The yak is engulfed in calcifying dust.
The yak stops moving altogether!
The catoblepas gores you!!
The hornet stings you but does no damage.
You climb upwards.
There is a stone staircase leading down here.
You see here a +0 chain mail.
You take 19 damage, and have 39/107 hp.
Unknown command.
The catoblepas breathes a plume of calcifying dust at you.
The blast of calcifying dust hits your wolf skeleton.
The blast of calcifying dust hits you!
Your spriggan skeleton hits the hornet with a rapier.
You see here 2 chunks of flesh {@w0@w0}.
You take 1 damage, and have 38/107 hp.
MP restored: 18 Your wolf skeleton is engulfed in calcifying dust.
Your wolf skeleton is moving more slowly.
Your wolf skeleton bites the catoblepas but does no damage.
The hornet barely misses your spriggan skeleton.
Your wolf skeleton is engulfed in calcifying dust.
Your wolf skeleton stops moving altogether!
Unknown command.
You gain the combat prowess of a mighty hero.
Your wolf skeleton is engulfed in calcifying dust.
Your spriggan skeleton hits the catoblepas but does no damage.
You now have 16/18 mp.
Unknown command.
You can now deal lightning-fast blows.
The hornet stings your spriggan skeleton!
Your wolf skeleton is engulfed in calcifying dust.
The hornet stings your spriggan skeleton!
The catoblepas breathes a plume of calcifying dust at you.
The blast of calcifying dust hits your spriggan skeleton.
The blast of calcifying dust hits you!
Your wolf skeleton is engulfed in calcifying dust.
Your spriggan skeleton is engulfed in calcifying dust.
Your spriggan skeleton is moving more slowly.
Your spriggan skeleton hits the catoblepas but does no damage.
You take 2 damage, and have 37/107 hp.
You now have 11/18 mp.
The hornet stings your spriggan skeleton!
Your wolf skeleton is engulfed in calcifying dust.
The catoblepas breathes a plume of calcifying dust at you.
The blast of calcifying dust hits you!
The hornet stings your spriggan skeleton!
Your spriggan skeleton is engulfed in calcifying dust.
Your spriggan skeleton stops moving altogether!
The hornet stings your spriggan skeleton.
Unknown command.
You hit the catoblepas but do no damage.
Your spriggan skeleton is engulfed in calcifying dust.
You hit the catoblepas.
The hornet stings your spriggan skeleton.
The catoblepas barely misses you.
You hit the catoblepas.
The hornet stings your spriggan skeleton!
Your spriggan skeleton is destroyed!
You puncture the catoblepas!
You hit the catoblepas but do no damage.
The catoblepas breathes a plume of calcifying dust at you.
The blast of calcifying dust hits you!
The hornet is engulfed in calcifying dust.
The hornet is moving more slowly.
The catoblepas gores you!
* * * LOW HITPOINT WARNING * * *
You take 14 damage, and have 24/107 hp.
Unknown command.
You bludgeon the catoblepas!!
You hit the catoblepas but do no damage.
The hornet is engulfed in calcifying dust.
The hornet stops moving altogether!
Unknown command.
You hit the catoblepas.
The catoblepas breathes a plume of calcifying dust at you.
The blast of calcifying dust hits you!
* * * LOW HITPOINT WARNING * * *
You take 3 damage, and have 21/107 hp.
The hornet is engulfed in calcifying dust. x2
The catoblepas breathes a plume of calcifying dust at you.
The blast of calcifying dust hits you!
* * * LOW HITPOINT WARNING * * *
You take 2 damage, and have 19/107 hp.
The hornet is engulfed in calcifying dust.
Unknown command.
The helpless hornet fails to defend itself.
You bludgeon the hornet!! You hit the catoblepas. You sock the catoblepas!
The catoblepas gores you!!
You die...

#.#..###.P.....###P.....P#
#...
###...##........#P.......#
#P..
#..#.#.....#......|....##
##..
##........§.#§..§.......#
#..
##......##§.§.........##
#..
#......##P§.§.........##
##..
##.....###..§§..........#
#P..
#.....#.##...§§§......###
##..
##....####...@Y.......#
#.. ##....# #....y%Z.....#
#.. ##.....##
#.....)>....## ##.
###.......# ##.........P#
#.. #.#.......#
#.........## ##.
.#...##...# ##..#......#
## ....##...## ###......##
#P #.#####..#### ##....##
## .8..# #...#.# ##...# #


You could see a catoblepas, a hornet (petrified) and a friendly wolf skeleton
(petrified).

Vanquished Creatures
  Josephine (Lair:5)
  Fannar (Lair:3)
  3 hydras
  7 two-headed ogres
  A tengu warrior (D:10)
  5 death yaks
  The ghost of herpmino the Cleaver, a novice FoFi of Ru (D:7)
  Urug (Lair:5)
  4 black mambas
  8 elephants
  2 merfolk sirens (Lair:3)
  A molten gargoyle (Lair:4)
  10 spiny frogs
  4 komodo dragons
  A polar bear (Lair:5)
  4 hippogriffs
  9 blink frogs
  2 spriggans
  A wyvern (D:8)
  10 yaks
  A hungry ghost (D:7)
  6 wraiths
  19 water moccasins
  9 orc warriors
  11 porcupines
  4 sky beasts
  A necrophage (D:9)
  2 phantoms
  2 black bears (D:10)
  4 ice beasts
  6 ogres
  29 wolves
  8 centaurs
  15 crocodiles
  14 bullfrogs
  A gnoll sergeant (D:9)
  A wyvern zombie (D:7)
  3 scorpions
  17 killer bees
  16 wights
  8 howler monkeys
  2 electric eels (Lair:3)
  5 centaur zombies
  3 crimson imps
  A quasit (D:8)
  2 bullfrog skeletons
  7 hounds
  2 centaur skeletons
  14 orc priests
  2 jellies
  19 orc wizards
  2 iguanas (D:7)
  10 worker ants
  A hound zombie (D:7)
  4 hound skeletons
  A worker ant zombie (D:7)
  11 gnolls
  22 adders
  A howler monkey skeleton (D:4)
  An ooze (Lair:5)
  2 adder skeletons
  2 adder zombies
  2 worms
  A dart slug (D:2)
  6 leopard geckos
  57 orcs
  3 ball pythons
  5 giant cockroaches
  3 goblins
  11 hobgoblins
  12 jackals
  7 kobolds
  3 quokkas
  8 bats
  3 frilled lizards
  2 jackal skeletons (D:5)
  A leopard gecko skeleton (D:6)
  A leopard gecko zombie (D:7)
  7 rats
  A plant (D:7)
500 creatures vanquished.

Vanquished Creatures (collateral kills)
  An elephant (Lair:3)
  2 spiny frogs
  A rime drake (Lair:4)
  A komodo dragon (Lair:3)
  2 blink frogs
  2 hippogriffs
  4 yaks
  2 water moccasins
  An ice beast (D:10)
  A wolf (Lair:1)
  An orc priest (D:10)
  3 oozes (Lair:5)
  An orc (D:10)
  A jackal (D:10)
  2 fungi (Lair:5)
25 creatures vanquished.

Vanquished Creatures (others)
  A bush (Lair:5)
  15 fungi
  7 plants
23 creatures vanquished.

Grand Total: 548 creatures vanquished

Notes
Turn   | Place    | Note
-------+----------+-------------------------------------------
     0 | D:1      | Gorglomux the Mummy Wanderer began the quest for the Orb.
     0 | D:1      | Gorglomux set off with: a +2 mace, the Volume of the Lost Wars, a scroll of teleportation, a +0 robe, a +0 dagger
     0 | D:1      | Reached XP level 1. HP: 16/16 MP: 4/4
     0 | D:1      | Identified the Volume of the Lost Wars
     2 | D:1      | Learned a level 1 spell: Sting
   287 | D:1      | Reached XP level 2. HP: 19/23 MP: 3/5
   786 | D:1      | Found a glowing golden altar of the Shining One.
  1220 | D:2      | Reached skill level 3 in Maces & Flails
  1227 | D:2      | Reached XP level 3. HP: 21/28 MP: 7/7
  1615 | D:2      | Reached skill level 3 in Fighting
  1934 | D:2      | Reached XP level 4. HP: 29/35 MP: 3/8
  2584 | D:3      | HP: 8/35 [kobold/short sword of flaming (3)]
  3019 | D:3      | Reached skill level 4 in Maces & Flails
  3169 | D:3      | Found an iron altar of Okawaru.
  3175 | D:3      | Gorglomux: !rng oka nem
  3175 | D:3      | beem: The RNG chooses: oka.
  3179 | D:3      | Became a worshipper of Warmaster Okawaru
  3219 | D:3      | Reached XP level 5. HP: 25/41 MP: 6/9
  3349 | D:3      | Noticed an ogre
  3366 | D:3      | Killed an ogre
  3458 | D:3      | Reached skill level 4 in Fighting
  3609 | D:4      | Reached XP level 6. HP: 45/48 MP: 5/10
  3633 | D:4      | Reached * piety under Okawaru
  3806 | D:4      | Reached skill level 5 in Maces & Flails
  4137 | D:4      | Reached XP level 7. HP: 26/55 MP: 11/11
  4385 | D:4      | Reached skill level 5 in Fighting
  4890 | D:4      | Reached skill level 6 in Maces & Flails
  5217 | D:5      | Entered Level 5 of the Dungeon
  5247 | D:5      | Found a sparkling altar of Nemelex Xobeh.
  5270 | D:5      | HP: 14/57 [orc priest/divine providence (11)]
  5271 | D:5      | HP: 1/57 [orc priest/divine providence (13)]
  5581 | D:5      | Reached XP level 8. HP: 51/64 MP: 9/12
  5633 | D:5      | Found Opeonugu's Book Shop.
  5660 | D:5      | Found a glowing silver altar of Zin.
  5695 | D:5      | Found a shadowy altar of Dithmenos.
  5865 | D:5      | Found a sacrificial altar of Ru.
  5865 | D:5      | Found a shattered altar of Ashenzari.
  5867 | D:5      | Found an ornate altar of the Wu Jian Council.
  5868 | D:5      | Found a snail-covered altar of Cheibriados.
  5869 | D:5      | Found a bloodstained altar of Trog.
  5870 | D:5      | Found a deep blue altar of Sif Muna.
  5952 | D:5      | Reached skill level 6 in Fighting
  6129 | D:5      | Reached skill level 7 in Maces & Flails
  6828 | D:6      | Reached ** piety under Okawaru
  7001 | D:6      | HP: 10/65 [orc priest/divine providence (15)]
  7009 | D:6      | HP: 8/65 [something (1)]
  7342 | D:6      | Reached skill level 8 in Maces & Flails
  7892 | D:6      | Reached skill level 7 in Fighting
  8020 | D:7      | Identified a scroll of acquirement
  8021 | D:7      | Angani: CeHu
  8021 | D:7      | Gorglomux: oh you came just in time
  8021 | D:7      | Angani: bows only till you max it out ^^
  8021 | D:7      | Angani: oh wow
  8021 | D:7      | Gorglomux: yeah did the same on ho and axes, took me like lair 6
  8030 | D:7      | Gorglomux: woa
  8034 | D:7      | Angani: I won me CeHu doing that
  8099 | D:7      | Found an ancient bone altar of Kikubaaqudgha.
  8112 | D:7      | Angani: had bows maxed before clearing L6
  8112 | D:7      | Reached XP level 9. HP: 55/72 MP: 11/13
  8148 | D:7      | Noticed herpmino's ghost (novice FoFi)
  8154 | D:7      | Angani: why did I think you were doing CeHu
  8154 | D:7      | Angani: I must have looked at the wrong name
  8154 | D:7      | Angani: my bad
  8154 | D:7      | Gorglomux: no idea
  8159 | D:7      | Angani: did you acquire? I missed it
  8163 | D:7      | Gorglomux: +0 hat of intelligence
  8163 | D:7      | Gorglomux: i like when the game shit on you when it just did
  8347 | D:7      | Found a staircase to the Ecumenical Temple.
  8714 | D:7      | Killed herpmino's ghost
  8714 | D:7      | Reached *** piety under Okawaru
  8714 | D:7      | Reached skill level 8 in Fighting
  8714 | D:7      | Reached skill level 9 in Maces & Flails
  9472 | D:7      | Reached skill level 10 in Maces & Flails
  9853 | D:7      | Reached XP level 10. HP: 81/82 MP: 14/14
 10221 | D:8      | Found a hazy altar of Hepliaklqana.
 10223 | D:8      | Found a shimmering altar of Xom.
 10421 | D:8      | Reached **** piety under Okawaru
 10423 | D:8      | Reached skill level 1 in Invocations
 10435 | D:8      | HP: 14/82 [wyvern (9)]
 10437 | D:8      | HP: 2/82 [wyvern (12)]
 10439 | D:8      | Reached skill level 1 in Dodging
 10786 | D:8      | Angani: woah
 10789 | D:8      | Angani: came back to near death
 10789 | D:8      | Gorglomux: yeah im plaing poorly
 11030 | D:7      | Reached skill level 1 in Armour
 11162 | D:7      | Gorglomux: 20 heroism already
 11162 | D:7      | Gorglomux: fair game
 11177 | D:8      | Reached skill level 9 in Fighting
 11311 | D:8      | Angani: what was that screen?
 11420 | D:8      | HP: 20/83 [killer bee (1)]
 11424 | D:8      | HP: 4/83 [killer bee (7)]
 11427 | D:8      | Angani: dang
 11560 | D:8      | HP: 20/83 [killer bee (4)]
 11669 | D:8      | Gorglomux: thats bees wtf
 11669 | D:8      | Gorglomux: ill have to skip the floor
 11674 | D:8      | Angani: AC and EV is kinda low for bees
 11917 | D:9      | Found Ryett's Distillery.
 11926 | D:9      | Noticed a two-headed ogre
 11965 | D:9      | Reached skill level 2 in Invocations
 11999 | D:9      | Reached skill level 2 in Armour
 12406 | D:9      | Found a glowing golden altar of the Shining One.
 12684 | D:7      | Reached skill level 2 in Dodging
 13020 | D:7      | HP: 19/83 [sky beast (6)]
 13581 | D:8      | Noticed a two-headed ogre
 13591 | D:8      | Killed a two-headed ogre
 13591 | D:8      | Reached skill level 11 in Maces & Flails
 13775 | D:8      | Reached XP level 11. HP: 55/89 MP: 15/15
 13993 | D:8      | Reached skill level 3 in Armour
 14228 | D:8      | Noticed a two-headed ogre
 14234 | D:8      | Killed a two-headed ogre
 14234 | D:8      | Reached ***** piety under Okawaru
 14234 | D:8      | Reached skill level 3 in Invocations
 14320 | D:8      | Found a staircase to the Lair.
 14748 | D:9      | Noticed a two-headed ogre
 14762 | D:9      | HP: 20/90 [two-headed ogre/giant club (8)]
 14779 | D:9      | HP: 20/90 [two-headed ogre/giant club (5)]
 15467 | D:9      | Found a staircase to the Orcish Mines.
 15510 | D:9      | Killed a two-headed ogre
 15510 | D:9      | Reached skill level 3 in Dodging
 15792 | D:9      | Learned a level 1 spell: Animate Skeleton
 16030 | D:9      | Noticed a two-headed ogre
 16039 | D:9      | Killed a two-headed ogre
 16135 | D:10     | Entered Level 10 of the Dungeon
 16213 | D:10     | Noticed a two-headed ogre
 16223 | D:10     | Killed a two-headed ogre
 16223 | D:10     | Reached skill level 2 in Necromancy
 16454 | D:10     | Noticed a two-headed ogre
 16469 | D:10     | Killed a two-headed ogre
 16469 | D:10     | Reached skill level 10 in Fighting
 16469 | D:10     | Reached skill level 4 in Armour
 16887 | D:10     | Reached skill level 4 in Invocations
 17091 | D:10     | Received a gift from Okawaru
 17096 | D:10     | Got a dazzling great sword {god gift}
 17097 | D:10     | Identified the +6 great sword of the Other Side {pain, Int+4 Dex+4} (Okawaru gifted it to you on level 10 of the Dungeon)
 17387 | D:10     | Found a stormy altar of Qazlal.
 17887 | D:10     | Noticed a tengu warrior
 17937 | D:10     | Killed a tengu warrior
 17937 | D:10     | Reached skill level 3 in Necromancy
 17938 | D:10     | Gorglomux: tengu warriors on d10 with elec,, go fuck yourself
 18210 | D:8      | HP: 15/91 [two-headed ogre/giant club (15)]
 18211 | D:8      | Killed a two-headed ogre
 18211 | D:8      | Reached skill level 4 in Dodging
 18211 | D:8      | Reached XP level 12. HP: 16/97 MP: 13/16
 18604 | Lair:1   | Entered Level 1 of the Lair of Beasts
 18931 | Lair:1   | Reached skill level 12 in Maces & Flails
 19362 | Lair:1   | Reached skill level 5 in Armour
 19408 | Lair:1   | HP: 20/98 [komodo dragon (11)]
 20330 | Lair:1   | HP: 21/98 [wolf (5)]
 20664 | Lair:1   | Reached skill level 5 in Invocations
 20901 | Lair:1   | Got a warped leather armour
 21501 | Lair:2   | Found a staircase to the Snake Pit.
 22072 | Lair:2   | Identified the +3 leather armour "Rimaex" {rN+} (You found it on level 1 of the Lair of Beasts)
 22173 | Lair:2   | Found an opulent altar of Gozag.
 22241 | Lair:2   | Noticed a seven-headed hydra
 22254 | Lair:2   | Killed a seven-headed hydra
 22398 | Lair:2   | Reached skill level 5 in Dodging
 22409 | Lair:2   | Received a gift from Okawaru
 23018 | Lair:3   | Noticed Fannar
 23066 | Lair:3   | Killed Fannar
 23393 | Lair:3   | Found a staircase to the Shoals.
 24033 | Lair:3   | Gained mutation: You are in touch with the powers of death. [Mummy growth]
 24033 | Lair:3   | Reached XP level 13. HP: 76/105 MP: 17/17
 24044 | Lair:3   | Received a gift from Okawaru
 24044 | Lair:3   | Reached skill level 6 in Invocations
 24437 | Lair:3   | Reached skill level 1 in Evocations
 24447 | Lair:3   | Reached skill level 11 in Fighting
 25323 | Lair:3   | Reached skill level 6 in Armour
 25602 | Lair:4   | Received a gift from Okawaru
 25607 | Lair:4   | Got an ancient hunting sling {god gift}
 25609 | Lair:4   | Identified the +3 hunting sling "Haqeusea" {flame, +Blink Int+2} (Okawaru gifted it to you on level 4 of the Lair of Beasts)
 26712 | Lair:3   | HP: 22/106 [death yak (20)]
 26719 | Lair:3   | Reached skill level 13 in Maces & Flails
 26736 | Lair:3   | Reached skill level 2 in Evocations
 27154 | Lair:4   | HP: 26/106 [death yak (12)]
 27158 | Lair:4   | HP: 10/106 [death yak (17)]
 28233 | Lair:4   | HP: 26/106 [yak (5)]
 29095 | Lair:5   | Reached skill level 6 in Dodging
 29563 | Lair:5   | Found a staircase to the Slime Pits.
 30068 | Lair:5   | Noticed Urug
 30091 | Lair:5   | Killed Urug
 30579 | Lair:5   | Reached skill level 7 in Invocations
 30881 | Lair:5   | Noticed Josephine
 30901 | Lair:5   | Killed Josephine
 30901 | Lair:5   | Reached skill level 3 in Evocations
 31559 | Lair:6   | Entered Level 6 of the Lair of Beasts
 32083 | Lair:5   | Received a gift from Okawaru
 32554 | Lair:5   | HP: 24/107 [catoblepas (15)]
 32562 | Lair:5   | Slain by a catoblepas

Vault maps used:
D:1:      matt_arrival_spirals, minmay_misc_feat_x, tso_metal_star
D:2:      minmay_diamond_boxcup, first_bread
D:3:      okawaru_gym_becter
D:5:      minitemple, nemelex_xobeh_ov_fountains_minmay, serial_shops, shop,
          grunt_dithmenos_smoke_and_mirrors
D:7:      lemuel_coloured_pillars_altar, minmay_temple_entry_overgrown
D:8:      regret_index_temple_of_mockery, lair_entry_dummy, the_bakery
D:9:      kennysheep_mini, david_orc_4, serial_shops, nicolae_shop_stone
D:10:     basic_altar
Lair:1:   grunt_forest_small_clearings, beast_lair_carwin_1,
          minmay_lair_oklob_chamber
Lair:2:   minmay_snake_entry_six_corridors, lemuel_altar_in_water2
Lair:3:   elwin_shoals_entry_rooms, grunt_megastairs_1, uniq_fannar
Lair:5:   nicolae_slime_entry_slimehenge, grunt_megastairs_3,
          serial_bayou_shore_b, uniq_urug, uniq_josephine
Lair:6:   minmay_lair_end_enchanted_forest, lemuel_fruit_fields,
          serial_bayou_shore_a, uniq_rupert

Skill      XL: |  1  2  3  4  5  6  7  8  9 10 11 12 13 |
---------------+----------------------------------------+-----
Maces & Flails | 3 4 5 6 8 10 11 12 13 | 13.3
Fighting       | 3 4 5 7 8 9 10 11 | 11.6
Invocations    | 2 4 5 7 |  7.1
Dodging        | 2 4 5 6 |  6.3
Armour         | 2 4 5 6 |  6.7
Necromancy     | 3 |  3.5
Evocations     | 3 |  3.3
Stealth        | |  1.5
Spellcasting   | |  2.6

Action                   |  1- 3 |  4- 6 |  7- 9 | 10-12 | 13-15 || total
-------------------------+-------+-------+-------+-------+-------++-------
Melee: Mace              |    56 |       |       |    15 |       ||    71
       Dire flail        |    29 |   158 |   537 |  1046 |       ||  1770
       Morningstar       |       |       |       |   193 |   580 ||   773
       Great sword       |       |       |       |     4 |       ||     4
       Punch             |       |       |       |     2 |     5 ||     7
 Fire: Shortbow          |       |       |       |    58 |    10 ||    68
       Hunting sling     |       |       |       |       |     2 ||     2
Throw: Tomahawk          |       |       |    48 |    92 |    39 ||   179
       Javelin           |       |       |       |       |     4 ||     4
 Cast: Sting             |    40 |    43 |     3 |       |       ||    86
       Animate Skeleton  |       |       |       |    43 |    46 ||    89
Invok: Heroism           |       |     1 |    15 |    43 |    23 ||    82
       Finesse           |       |       |       |     5 |     4 ||     9
Evoke: Wand              |       |       |     3 |    10 |     2 ||    15
  Use: Scroll            |       |       |     8 |    10 |     4 ||    22
 Stab: Sleeping          |     1 |     1 |       |       |       ||     2
       Distracted        |       |       |       |     6 |     4 ||    10
       Paralysed         |       |       |       |     1 |       ||     1
       Petrified         |       |       |       |       |     1 ||     1
Armor: Robe              |     9 |       |       |       |       ||     9
       Leather armour    |    24 |    33 |    20 |       |       ||    77
       Ring mail         |       |       |   100 |     1 |       ||   101
       Chain mail        |       |       |       |   494 |   228 ||   722
Dodge: Dodged            |    79 |    75 |   211 |   449 |   262 ||  1076
       Rpst.: Great sword |       |       |       |     1 |       ||     1

Vault maps used:
D:1:      matt_arrival_spirals, minmay_misc_feat_x, tso_metal_star
D:2:      minmay_diamond_boxcup, first_bread
D:3:      okawaru_gym_becter
D:5:      minitemple, nemelex_xobeh_ov_fountains_minmay, serial_shops, shop,
          grunt_dithmenos_smoke_and_mirrors
D:7:      lemuel_coloured_pillars_altar, minmay_temple_entry_overgrown
D:8:      regret_index_temple_of_mockery, lair_entry_dummy, the_bakery
D:9:      kennysheep_mini, david_orc_4, serial_shops, nicolae_shop_stone
D:10:     basic_altar
Lair:1:   grunt_forest_small_clearings, beast_lair_carwin_1,
          minmay_lair_oklob_chamber
Lair:2:   minmay_snake_entry_six_corridors, lemuel_altar_in_water2
Lair:3:   elwin_shoals_entry_rooms, grunt_megastairs_1, uniq_fannar
Lair:5:   nicolae_slime_entry_slimehenge, grunt_megastairs_3,
          serial_bayou_shore_b, uniq_urug, uniq_josephine
Lair:6:   minmay_lair_end_enchanted_forest, lemuel_fruit_fields,
          serial_bayou_shore_a, uniq_rupert

Table legend:
 A = Turns spent in this place as a percentage of turns spent in the entire game.
 B = Non-inter-level travel turns spent in this place as a percentage of non-inter-level travel turns spent in the entire game.
 C = Inter-level travel turns spent in this place as a percentage of turns spent in this place.
 D = Turns resting spent in this place as a percentage of non-inter-level travel turns spent in this place.
 E = Turns spent auto-exploring this place as a percentage of non-inter-level travel turns spent in this place.
 F = Non-inter-level travel turns spent in this place divided by the number of levels of this place that you've seen.
                   A       B       C       D       E      F
               +-------+-------+-------+-------+-------+----------------------
         Total | 100.0 | 100.0 |   0.4 |   4.2 |   5.2 | 518.8
       Dungeon |  60.0 |  60.0 |   0.4 |   4.1 |   6.1 | 497.8
          Lair |  40.0 |  40.0 |   0.3 |   4.2 |   3.9 | 553.8
               +-------+-------+-------+-------+-------+----------------------

Table legend:
 A = Kills in this place as a percentage of kills in entire the game.
 B = Kills by you in this place as a percentage of kills by you in the entire game.
 C = Kills by friends in this place as a percentage of kills by friends in the entire game.
 D = Other kills in this place as a percentage of other kills in the entire game.
 E = Experience gained in this place as a percentage of experience gained in the entire game.
 F = Experience gained in this place divided by the number of levels of this place that you have seen.
                   A       B       C       D       E      F
               +-------+-------+-------+-------+-------+----------------------
         Total | 100.0 | 100.0 | 100.0 |  -nan | 100.0 | 3895.4
       Dungeon |  67.4 |  69.5 |  21.7 |  -nan |  36.4 | 2268.5
          Lair |  32.6 |  30.5 |  78.3 |  -nan |  63.6 | 6607.0
               +-------+-------+-------+-------+-------+----------------------
